 Dungeon Crawl Stone Soup version 0.16-a0-922-gae79c9c (webtiles) character file.

100 JacquesDerrida the Slasher (level 4, 0/29 HPs)
             Began as a High Elf Skald on Sept 30, 2014.
             Succumbed to an adder's poison
             ... on Level 3 of the Dungeon.
             The game lasted 00:07:36 (1430 turns).

JacquesDerrida the Slasher (High Elf Skald)         Turns: 1430, Time: 00:07:36

HP   0/29        AC  4     Str 11      XL: 4   Next: 47%
MP   0/11        EV 11     Int 15      God:
Gold 33          SH  0     Dex 13 (16) Spells:  2 memorised,  3 levels left

rFire  . . .     SeeInvis .     a - +0 falchion
rCold  . . .     Clarity  .     b - +0 leather armour
rNeg   . . .     rCorr    .     (no shield)
rPois  .         rRot     .     i - +0 helmet
rElec  .         Spirit   .     (no cloak)
SustAb .         Warding  .     (no gloves)
rMut   .         Stasis   .     (no boots)
Gourm  .                        (no amulet)
MR     .....                    (no ring)
                                (no ring)

@: lethally poisoned, very slightly contaminated, not resistant to hostile
enchantments, very unstealthy
A: no striking features
a: no special abilities


You were on level 3 of the Dungeon.
You were hungry.

You visited 1 branch of the dungeon, and saw 3 of its levels.
You also visited: Sewer.

You collected 33 gold pieces.

Inventory:

Hand weapons
 a - a +0 falchion (weapon)
Missiles
 k - 4 tomahawks (quivered)
Armour
 b - a +0 leather armour (worn)
 i - a +0 helmet (worn)
Comestibles
 d - a bread ration
 h - 2 royal jellies
Scrolls
 f - 2 scrolls of enchant weapon {unknown}
 g - a scroll of immolation {unknown}
 j - a scroll of identify {unknown}
 l - a scroll of random uselessness {unknown}
Potions
 m - a potion of curing {unknown}
Books
 c - a book of Battle

   Spells                             Type                      Level
   *Infusion                          Charms                       1
   Shroud of Golubria                 Charms/Translocation         2
   Song of Slaying                    Charms                       2
   Spectral Weapon                    Hexes/Charms                 3
   *Regeneration                      Charms/Necromancy            3


   Skills:
 - Level 2.0 Fighting
 * Level 5.4 Long Blades
 - Level 0.8 Armour
 + Level 2.0 Dodging
 - Level 2.4 Spellcasting
 - Level 3.6 Charms


You had 3 spell levels left.
You knew the following spells:

 Your Spells              Type           Power        Failure   Level  Hunger
a - Infusion              Chrm           ##....       6%          1    #......
r - Regeneration          Chrm/Necr      #.........   34%         3    ####...


Dungeon Overview and Level Annotations

Branches:
Dungeon (3/15)

Altars:
Dithmenos
Gozag

Shops:
D:2 *


Message History

The adder is severely wounded.
You feel sick. The adder bites you.
* * * LOW HITPOINT WARNING * * *
You are too injured to fight recklessly!
Casting: Regeneration
Confirm with . or Enter, or press ? or * to list all spells.
You miscast Regeneration.
You sense a malignant aura.
The adder closely misses you.
You barely miss the adder.
The adder is severely wounded.
The adder bites you.
* * * LOW HITPOINT WARNING * * *
The adder bites you.
* * * LOW HITPOINT WARNING * * *
Unknown command.
Drink which item? (? for menu, Esc to quit)
There was something very wrong with that liquid!
You feel clumsy.
It was a potion of degeneration.
You die...

.# #.......#
#.........#
.######8.....8#
#...#######
......#.......# #...#
.####.#8.....8# #...#
## #.........#####...#
# #.........))..+...+
#####.######.######...#
......###....######...#
........+......S@.+...w
#########....######..
.............#
########..S..#
#...<..#.....#
#%##.#.#.....#
#.##.#.#.....#
#.##.#.#.###.#
#.##.#.#.# .#


You could see an adder.

Vanquished Creatures
  2 adders
  2 giant mites (D:2)
  A worm (D:3)
  4 giant geckos
  An ooze (D:2)
  7 bats
  11 goblins
  8 hobgoblins
  8 kobolds
  2 ball pythons
  3 giant cockroaches
  A giant newt (D:3)
  8 rats
58 creatures vanquished.

Notes
Turn   | Place    | Note
--------------------------------------------------------------
     0 | D:1      | JacquesDerrida, the High Elf Skald, began the quest for the Orb.
     0 | D:1      | Reached XP level 1. HP: 14/14 MP: 4/4
    79 | D:1      | Reached XP level 2. HP: 9/19 MP: 0/6
   452 | D:1      | Reached skill level 4 in Long Blades
   621 | D:2      | Reached XP level 3. HP: 24/24 MP: 5/8
   639 | D:2      | Learned a level 3 spell: Regeneration
   715 | D:2      | Found Gozag's Nutrition Petition.
   715 | D:2      | Found an opulent altar of Gozag.
   846 | D:2      | Reached skill level 5 in Long Blades
   867 | D:2      | Found a shadowy altar of Dithmenos.
  1018 | D:3      | Found a glowing drain.
  1037 | D:3      | Reached XP level 4. HP: 24/29 MP: 11/11
  1094 | Sewer    | Entered a sewer
  1140 | Sewer    | Noticed a crocodile
  1429 | D:3      | HP: 1/29 [adder (3)]
  1430 | D:3      | Succumbed to an adder's poison

Action                   |  1- 3 |  4- 6 || total
-------------------------+-------+-------++-------
Melee: Falchion          |   113 |    72 ||   185
Throw: Javelin           |     4 |     2 ||     6
 Cast: Infusion          |    11 |       ||    11
       Regeneration      |     5 |     8 ||    13
  Use: Potion            |       |     2 ||     2
  Eat: Chunk             |     1 |     3 ||     4
